 Dungeon Crawl Stone Soup version 0.25.1-8-g42b30a86e7 (webtiles) character file.

Game seed: 13362361411165878108

14620 Abzac the Fighter (level 11, -1/102 HPs)
             Began as a Green Draconian Skald on Dec 16, 2020.
             Was a Priest of the Shining One.
             Shot with an arrow by a centaur warrior (24 damage)
             ... on level 14 of the Dungeon.
             The game lasted 01:26:21 (18267 turns).

Abzac the Fighter (Green Draconian Skald)          Turns: 18267, Time: 01:26:22

Health: -1/102     AC:  9    Str: 16    XL:     11   Next: 91%
Magic:  16/19      EV: 21    Int: 14    God:    the Shining One [***...]
Gold:   811        SH:  7    Dex: 17    Spells: 13/21 levels left

rFire    . . .     SeeInvis .   F - +2 flail (holy)
rCold    . . .     Gourm    .   (no shield)
rNeg     + . .     Faith    .   (armour unavailable)
rPois    +         Spirit   .   (helmet restricted)
rElec    .         Reflect  .   (no cloak)
rCorr    .         Harm     .   p - +0 pair of gloves
MR       .....                  B - +0 pair of boots
Stlth    +.........             (no amulet)
HPRegen  0.27/turn              e - +4 ring of evasion
MPRegen  0.16/turn              t - +6 ring of dexterity

@: divine shield, short of breath, glowing
A: breathe noxious fumes, unfitting armour, poison resistance, cold-blooded, AC
+7
a: Breathe Noxious Fumes, Divine Shield, Renounce Religion


You were on level 14 of the Dungeon.
You worshipped the Shining One.
The Shining One was most pleased with you.
You were very hungry.

You visited 3 branches of the dungeon, and saw 18 of its levels.

You collected 869 gold pieces.
You spent 58 gold pieces at shops.

Inventory:

Hand Weapons
 g - a +0 whip
 h - a +0 war axe of freezing
 A - a +2 flail of protection
 F - a +2 flail of holy wrath (weapon)
 N - a +3 scimitar of flaming
 V - a +0 hand crossbow
 W - a +0 arbalest
Armour
 p - a +0 pair of gloves (worn)
 B - a +0 pair of boots (worn)
 P - the +2 ratskin cloak {+Rats rPois rN+ Str-1 Int-1 Dex+1}
   (You found it on level 7 of the Dungeon)

   It affects your strength (-1).
   It affects your intelligence (-1).
   It affects your dexterity (+1).
   It protects you from poison.
   It protects you from negative energy.
 R - a +2 robe of magic resistance
 U - a +0 pair of gloves
Jewellery
 b - an uncursed ring of protection from cold
 e - a +4 ring of evasion (left hand)
 f - an uncursed ring of wizardry {unknown}
 j - a cursed ring of attention {unknown}
 o - an uncursed ring of fire
 q - a +4 ring of evasion
 t - a +6 ring of dexterity (right hand)
 u - an uncursed ring of ice
 v - an uncursed ring of ice
 E - an uncursed ring of wizardry {unknown}
 K - a cursed -4 ring of evasion
Wands
 l - a wand of flame (36)
 G - a wand of acid (12)
 I - a wand of iceblast (15)
Scrolls
 a - a scroll of brand weapon {unknown}
 i - 2 scrolls of enchant armour {unknown}
 s - 7 scrolls of remove curse
 w - 8 scrolls of amnesia
 x - 6 scrolls of teleportation
 y - a scroll of fear
 z - a scroll of enchant weapon {unknown}
 D - 3 scrolls of identify
 M - 2 scrolls of magic mapping
 O - 2 scrolls of blinking {unknown}
 Q - a scroll of immolation {unknown}
Potions
 d - 2 potions of mutation
 k - a potion of magic {unknown}
 n - 2 potions of haste
 r - a potion of cancellation
 C - a potion of stabbing {unknown}
 H - 3 potions of lignification
 J - a potion of flight
 L - 3 potions of curing {unknown}
 S - 2 potions of brilliance {unknown}
 T - a potion of heal wounds {unknown}
Comestibles
 c - 14 rations


   Skills:
 + Level 11.2 Fighting
 - Level 10.0 Maces & Flails
 - Level 7.1 Dodging
 - Level 5.7 Spellcasting
 - Level 4.0 Hexes
 - Level 7.1 Charms
 + Level 2.2 Translocations
 - Level 3.5 Invocations
 - Level 0.9 Evocations


You had 13 spell levels left.
You knew the following spells:

 Your Spells              Type           Power        Failure   Level  Hunger
a - Infusion              Chrm           ###.         1%          1    None
b - Song of Slaying       Chrm           ###.....     1%          2    #......
c - Spectral Weapon       Hex/Chrm       ###.....     4%          3    ###....
d - Blink                 Tloc           N/A          10%         2    #......

Your spell library contained the following spells:

 Spells                   Type           Power        Failure   Level  Hunger
 Corona                   Hex            ###....      3%          1    None
 Shroud of Golubria       Chrm/Tloc      ###...       3%          2    #......
 Apportation              Tloc           ##....       6%          1    None
 Confusing Touch          Hex            ###.....     10%         3    ###....
 Tukima's Dance           Hex            ###.....     10%         3    ###....
 Ensorcelled Hibernation  Hex/Ice        #.....       11%         2    #......
 Ozocubu's Armour         Chrm/Ice       ##......     11%         3    ###....
 Animate Skeleton         Necr           N/A          16%         1    None
 Summon Small Mammal      Summ           #...         16%         1    None
 Gell's Gravitas          Tloc           ##........   19%         3    ###....
 Lesser Beckoning         Tloc           ##........   19%         3    ###....
 Teleport Other           Tloc           ##......     19%         3    ###....
 Dazzling Flash           Conj/Hex       #.....       22%         3    ###....
 Passage of Golubria      Tloc           N/A          54%         4    ####...


Dungeon Overview and Level Annotations

Branches:
Dungeon (14/15)            Temple (0/1) D:6            Lair (4/6) D:8
 Shoals (0/4) Lair:2          Orc (1/2) D:9
  Snake: Lair:2-4    Spider: Lair:2-4    Vaults: D:13-14

Altars:
Cheibriados
Gozag
Kikubaaqudgha
Nemelex Xobeh
Ru
Uskayaw
Xom
Yredelemnul
Zin
The Shining One
Beogh

Shops:
D:5 [   D:11 *

Annotations:
D:7 3 runed translucent doors, Alannah's ghost, novice MiBe
D:9 2 runed translucent doors, exclusion: obsidian statue


Innate Abilities, Weirdness & Mutations

You can breathe blasts of noxious fumes.
Your lurid green scales are hard. (AC +7)
You cannot fit into any form of body armour.
Your system is resistant to poisons. (rPois)
You are cold-blooded and may be slowed by cold attacks.


Message History

The orc wizard hits you with a +0 dagger.
Press: ? - help, v - describe, . - travel
Here: a centaur warrior, quivering 27 arrows (haloed)
The floor.
You sock the orc wizard!
You kill the orc wizard!
The centaur warrior wields a +0 shortbow.
The centaur warrior shoots an arrow.
You block the arrow.
You see here an arrow.
The centaur warrior shoots an arrow.
The arrow hits you!!
* * * LOW HITPOINT WARNING * * *
A human comes into view.
You see here an arrow.
The centaur warrior shoots an arrow.
The arrow hits you.
* * * LOW HITPOINT WARNING * * *
You see here an arrow.
Found a stone staircase leading up.
The centaur warrior shoots an arrow.
The arrow hits you but does no damage.
The centaur warrior shoots an arrow.
The arrow hits you!!
You die...

,,,,* *,*,,,#o#*******,*** ******
***** *,*,,,#c# *,* * *,#.,,#.#
**,* * #.##.##c# *,,* #......(###
*,** ****** ***** ###.....(.#
**,** *,,,,, ,,,,* #.......#.#
*,,,#****,****
,,,,**#.#.....#.####....,,**,*,,,
,,,,,,.....#....@.....<#*,,,,,,**
,,,,,*..#.###.#.#.......****<****
,,,,,*..#.,#....#.##.##.* *,****
*,,,,*,,#*..#.###.#*,..,* *,,,,,
*,**,*,,,.....* *.#*,*,.* ******
*,**,*,*##.##** *.#*,,,,*
,,,,,,,,*#,*** *.#**,*,*
**,*,**,,,,,,* *..,,,,,*
*,,,,*,,,,,,* *****,***


You could see a centaur warrior.

Vanquished Creatures
  Fannar (Lair:1)
  Harold (D:7)
  Erica (Lair:1)
  A manticore (Lair:1)
  Joseph (Lair:1)
  A black mamba (Lair:2)
  5 spiny frogs
  A komodo dragon (Lair:1)
  A meliai (D:14)
  Prince Ribbit (D:5)
  A troll (D:10)
  6 hippogriffs
  A blink frog (Lair:3)
  A wraith (D:10)
  Sigmund (D:2)
  13 yaks
  A wyvern (D:10)
  A basilisk (Lair:1)
  A hungry ghost (D:8)
  Menkaure (D:6)
  Edmund (D:6)
  2 ice beasts (D:9)
  6 orc warriors
  5 porcupines
  A sky beast (D:9)
  3 ogres
  4 wolves (Lair:3)
  4 centaurs
  3 crocodiles
  A big kobold (D:14)
  6 bullfrogs
  A water moccasin zombie (D:10)
  6 scorpions
  A water moccasin skeleton (D:4)
  5 wights (D:7)
  4 howler monkeys
  4 crimson imps
  A centaur zombie (D:5)
  A bullfrog zombie (D:6)
  7 hounds
  3 jellies (D:8)
  Crazy Yiuf (D:6)
  5 orc priests
  A bullfrog skeleton (D:4)
  Terence (D:2)
  3 iguanas
  13 orc wizards
  A hell rat (D:7)
  5 worker ants
  A killer bee zombie (D:8)
  A hound skeleton (D:6)
  2 howler monkey zombies (D:7)
  Robin (D:2)
  2 worker ant zombies
  4 gnolls
  17 adders
  6 river rats (D:7)
  5 oozes (D:8)
  5 worms
  2 dart slugs (D:1)
  5 leopard geckos
  32 orcs
  7 bats
  3 giant cockroaches
  13 goblins
  10 hobgoblins
  8 jackals
  8 kobolds
  4 quokkas
  6 frilled lizards
  A jackal skeleton (D:7)
  A leopard gecko zombie (D:8)
  17 rats
  A fungus (D:8)
  2 plants
304 creatures vanquished.

Vanquished Creatures (others)
  A bush (Lair:4)
  20 fungi
  A plant (Lair:4)
  A spectral weapon (D:6)
23 creatures vanquished.

Grand Total: 327 creatures vanquished

Notes
Turn   | Place    | Note
-------+----------+-------------------------------------------
     0 | D:1      | Abzac the Draconian Skald began the quest for the Orb.
     0 | D:1      | Reached XP level 1. HP: 17/17 MP: 3/3
   480 | D:1      | Reached XP level 2. HP: 22/24 MP: 5/5
  1109 | D:2      | Noticed Terence
  1269 | D:2      | Reached XP level 3. HP: 29/29 MP: 6/6
  1694 | D:2      | Found an opulent altar of Gozag.
  1696 | D:2      | Noticed Sigmund
  1704 | D:2      | Killed Sigmund
  1704 | D:2      | Reached XP level 4. HP: 34/36 MP: 1/7
  1704 | D:2      | Reached XP level 5. HP: 38/41 MP: 1/8
  1810 | D:2      | Reached skill level 5 in Charms
  2219 | D:2      | Learned a level 2 spell: Song of Slaying
  2287 | D:2      | Found a shimmering altar of Xom.
  2399 | D:2      | Noticed Robin
  2444 | D:2      | Killed Robin
  3252 | D:3      | Reached XP level 6. HP: 46/48 MP: 3/9
  3894 | D:3      | Found a glowing silver altar of Zin.
  4265 | D:3      | Found a sparkling altar of Nemelex Xobeh.
  4660 | D:4      | Reached skill level 5 in Maces & Flails
  4660 | D:4      | Your scales start taking on a lurid green colour.
  4660 | D:4      | Reached XP level 7. HP: 36/55 MP: 11/11
  4660 | D:4      | Gained mutation: Your system is resistant to poisons.
                  | (rPois) [Green Draconian growth]
  5343 | D:4      | Found a shimmering altar of Xom.
  5351 | D:4      | Found a shimmering altar of Xom.
  5351 | D:4      | Found a shimmering altar of Xom.
  5351 | D:4      | Found a shimmering altar of Xom.
  5353 | D:4      | Found a shimmering altar of Xom.
  5471 | D:2      | Killed Terence
  5690 | D:4      | Learned a level 2 spell: Song of Slaying
  5693 | D:5      | Entered Level 5 of the Dungeon
  5765 | D:5      | Reached skill level 3 in Fighting
  5940 | D:5      | Found a hide-covered altar of Uskayaw.
  6007 | D:5      | Found a glowing golden altar of the Shining One.
  6054 | D:5      | Reached skill level 4 in Fighting
  6054 | D:5      | Reached XP level 8. HP: 57/66 MP: 14/14
  6173 | D:5      | Found Esseorerag's Armour Emporium.
  6187 | D:5      | Found a basalt altar of Yredelemnul.
  6207 | D:5      | Bought a +0 pair of boots for 58 gold pieces
  6254 | D:5      | Found an ancient bone altar of Kikubaaqudgha.
  6500 | D:5      | Noticed Prince Ribbit
  6508 | D:5      | Killed Prince Ribbit
  6508 | D:5      | Reached skill level 5 in Fighting
  6786 | D:5      | Became a worshipper of the Shining One
  6999 | D:6      | Noticed Edmund
  7018 | D:6      | Killed Edmund
  7018 | D:6      | Reached skill level 6 in Fighting
  7105 | D:6      | Noticed Menkaure
  7106 | D:6      | Found the cursed necklace of Bloodlust {*Rage +Rage MR++
                  | Int-3 Slay+6 *Curse}
  7112 | D:6      | Killed Menkaure
  7167 | D:6      | Reached skill level 7 in Fighting
  7380 | D:6      | Found a staircase to the Ecumenical Temple.
  7410 | D:6      | Learned a level 3 spell: Spectral Weapon
  7506 | D:6      | Found a runed translucent door.
  7507 | D:6      | Noticed Crazy Yiuf
  7631 | D:6      | Reached XP level 9. HP: 79/79 MP: 15/15
  7730 | D:6      | Killed Crazy Yiuf
  8145 | D:7      | Found a runed translucent gate.
  8146 | D:7      | Identified the +7 war axe "Geihas" {vorpal, Str+2}
  8146 | D:7      | Reached * piety under the Shining One
  8146 | D:7      | Noticed Alannah's ghost (novice MiBe)
  8148 | D:7      | Found a runed translucent gate.
  8211 | D:7      | Reached skill level 8 in Fighting
  8211 | D:7      | Reached skill level 1 in Hexes
  8337 | D:7      | Noticed Harold
  8372 | D:7      | Killed Harold
  8372 | D:7      | Reached skill level 9 in Fighting
  8619 | D:7      | Found a shimmering altar of Xom.
  8940 | D:7      | Found the +2 ratskin cloak {+Rats rPois rN+ Str-1 Int-1
                  | Dex+1}
  9364 | D:7      | Reached XP level 10. HP: 77/91 MP: 16/16
  9486 | D:8      | Reached ** piety under the Shining One
  9566 | D:8      | Found a staircase to the Lair.
  9609 | Lair:1   | Entered Level 1 of the Lair of Beasts
 10015 | Lair:1   | Noticed Erica
 10036 | Lair:1   | Killed Erica
 10036 | Lair:1   | Reached skill level 10 in Fighting
 10036 | Lair:1   | Reached skill level 5 in Dodging
 10174 | Lair:1   | Noticed Fannar
 10891 | D:7      | Found a runed translucent gate.
 10923 | D:7      | Found a roughly hewn altar of Beogh.
 10926 | D:7      | Found the +0 pair of fencer's gloves {Riposte Dex+3}
 11051 | D:9      | Reached skill level 1 in Invocations
 11304 | D:9      | Found a runed translucent door.
 11314 | D:9      | Found a runed translucent door.
 11392 | D:9      | Found a runed translucent door.
 11470 | D:9      | Found a sacrificial altar of Ru.
 11470 | D:9      | Found a snail-covered altar of Cheibriados.
 11520 | D:9      | Found a runed translucent door.
 11745 | D:9      | Found a staircase to the Orcish Mines.
 12073 | Orc:1    | Entered Level 1 of the Orcish Mines
 12073 | Orc:1    | Noticed a deep elf mage
 12073 | Orc:1    | Noticed a deep elf mage
 12074 | Orc:1    | Noticed a deep elf mage
 12306 | D:9      | Noticed an obsidian statue
 12333 | D:10     | Entered Level 10 of the Dungeon
 12938 | D:10     | Reached XP level 11. HP: 91/100 MP: 14/17
 13153 | Lair:1   | Noticed Joseph
 13172 | Lair:1   | Killed Joseph
 13372 | Lair:1   | Reached *** piety under the Shining One
 13519 | Lair:1   | Reached skill level 5 in Spellcasting
 14144 | Lair:1   | Killed Fannar
 14838 | Lair:2   | Found a staircase to the Shoals.
 16896 | Lair:3   | Reached skill level 10 in Maces & Flails
 17202 | Lair:3   | Learned a level 2 spell: Blink
 17351 | Lair:3   | Reached skill level 11 in Fighting
 17351 | Lair:3   | Reached skill level 1 in Translocations
 17739 | Lair:4   | Noticed an eight-headed hydra
 18226 | D:11     | Found Ogameots's Evil Emporium.
 18227 | D:11     | Found a basalt altar of Yredelemnul.
 18227 | D:11     | You fall into a shaft and drop 2 floors!
 18236 | D:13     | Noticed a deep elf mage
 18258 | D:14     | Noticed a centaur warrior
 18267 | D:14     | Shot with an arrow by a centaur warrior

Illustrated notes

Levels and vault maps discovered:
D:1:      dpeg_arrival_renting, layout_loops_ring, serial_glass,
          glass_columns_a, glass_columns_b, minmay_misc_feat_rugged,
          minmay_misc_feat_pillars
D:2:      layout_basic, lemuel_coloured_pillars_altar, grunt_gozag_statues,
          first_ration, uniq_terence, uniq_robin, uniq_sigmund
D:3:      layout_rooms, lemuel_doored_altar, nemelex_xobeh_ov_fountains_minmay
D:4:      layout_basic, xom_redecorated
D:5:      minmay_general_purpose_star, layout_cave_pools, old_standard_altar,
          overflow_temple_1_default, tso_metal_star, kiku_gazebo_pond_becter,
          serial_shops, shop, grunt_ministairs_10, kennysheep_cross_room,
          uniq_prince_ribbit1
D:6:      layout_basic, minmay_temple_entry_gardened_gates,
          uniq_crazy_yiuf_cottage, uniq_menkaure, uniq_edmund
D:7:      wander_guarded_unrand_ratskin, layout_layer_cave,
          biasface_ghost_orc_armoury, basic_altar, roderic_lattice_a,
          uniq_harold
D:8:      layout_basic, grunt_lair_entry_orc_guard_hut,
          hangedman_little_slice_of_home
D:9:      layout_rooms, gammafunk_temple_overflow_pools, orc_david_3,
          minmay_statue_crystal_thing
D:10:     layout_loops_ring, hangedman_misty_isle
D:11:     layout_rooms, gammafunk_ghost_cemetery, nicolae_evil_shop
D:13:     layout_cave_pools
D:14:     layout_loops_cross, david_vaults_3
Lair:1:   layout_regular_city, uniq_fannar, uniq_joseph, uniq_erica
Lair:2:   layout_roguey, minmay_shoals_entry_beasts
Lair:3:   layout_roguey, minmay_stone_trees_medium, minmay_hedge_maze
Lair:4:   layout_regular_city, dummy_snake_entry, serial_bayou_pond_d
Orc:1:    layout_diamond_mine, elves_outpost_lemuel

Skill      XL: |  1  2  3  4  5  6  7  8  9 10 11 |
---------------+----------------------------------+-----
Charms         | 3 4 5 6 7 |  7.1
Maces & Flails | 3 5 6 7 8 10 | 10.0
Dodging        | 3 4 6 7 |  7.1
Spellcasting   | 4 5 |  5.7
Fighting       | 4 7 9 10 11 | 11.2
Hexes          | 3 4 |  4.0
Invocations    | 3 |  3.5
Translocations | 2 |  2.2
Evocations     | |  0.9

Action                   |  1- 3 |  4- 6 |  7- 9 | 10-12 || total
-------------------------+-------+-------+-------+-------++-------
Melee: Mace              |   103 |   225 |       |       ||   328
       Tailslap          |     7 |    25 |    35 |   103 ||   170
       Morningstar       |       |    36 |    68 |       ||   104
       Flail             |       |       |   335 |   569 ||   904
 Cast: Infusion          |     1 |     6 |     9 |    18 ||    34
       Song of Slaying   |       |     5 |       |       ||     5
       Spectral Weapon   |       |       |     2 |       ||     2
       Blink             |       |       |       |     2 ||     2
Invok: Divine Shield     |       |       |       |     2 ||     2
 Abil: Breathe Noxious F |       |       |     5 |     7 ||    12
  Use: Scroll            |       |     5 |     4 |     9 ||    18
       Potion            |       |       |     2 |       ||     2
 Stab: Sleeping          |     1 |     1 |       |       ||     2
       Confused          |       |       |     2 |       ||     2
  Eat: Chunk             |     3 |     6 |    10 |    15 ||    34
       Ration            |       |     1 |     2 |     5 ||     8
Armor: Skin              |    27 |    55 |   105 |   100 ||   287
Dodge: Dodged            |   120 |   240 |   358 |   513 ||  1231
Block: Other             |       |       |       |     2 ||     2
